 Dungeon Crawl Stone Soup version 0.23.2-40-g277498a (webtiles) character file.

Game seed: 13982131786732657304

3497 CrazyJ the Summoner (level 9, -12/74 HPs)
             Began as a Yellow Draconian Summoner on Sept 21, 2019.
             Was a Priest of Okawaru.
             Killed from afar by a kobold (36 damage)
             ... with an exploding inner flame
             ... hexed by the player character
             ... on level 10 of the Dungeon.
             The game lasted 01:15:48 (11076 turns).

CrazyJ the Summoner (Yellow Draconian Summoner)    Turns: 11076, Time: 01:15:49

Health: -12/74     AC:  8    Str:  7 (10) XL:     9   Next: 80%
Magic:  17/17      EV: 20    Int: 17 (18) God:    Okawaru [***...]
Gold:   417        SH:  0    Dex: 16 (18) Spells: 3/19 levels left

rFire    . . .     SeeInvis .   E - +3 quarterstaff (speed)
rCold    . . .     Gourm    .   (shield currently unavailable)
rNeg     + + .     Faith    .   (armour unavailable)
rPois    .         Spirit   .   (helmet restricted)
rElec    .         Reflect  .   (no cloak)
rCorr    +         Harm     .   (no gloves)
MR       +....                  d - +0 pair of boots
Stlth    +++.......             (no amulet)
HPRegen  0.62/turn              r - ring of positive energy
MPRegen  0.15/turn              F - ring of positive energy

@: agile, berserk cooldown, very slightly contaminated, slowed, invisible, very
slow
A: spit acid, unfitting armour, magic resistance 1, regeneration 1, wild magic
1, cold-blooded, acid resistance, AC +7
a: Breathe Acid, Heroism, Renounce Religion


You were on level 10 of the Dungeon.
You worshipped Okawaru.
Okawaru was most pleased with you.
You were hungry.

You visited 2 branches of the dungeon, and saw 11 of its levels.

You collected 417 gold pieces.

Inventory:

Hand Weapons
 g - a +0 spear
 t - a +0 trident
 v - a +0 halberd
 B - a +0 shortbow
 E - a +3 quarterstaff of speed (weapon)
Missiles
 e - 48 poisoned needles
 h - 354 stones (quivered)
 m - 35 sling bullets
 D - 92 arrows
Armour
 d - a +0 pair of boots (worn)
Magical Staves
 u - an uncursed staff of air
Jewellery
 l - an uncursed amulet of harm
 r - a ring of positive energy (left hand)
 w - an uncursed ring of magical power {unknown}
 F - a ring of positive energy (right hand)
Scrolls
 a - 2 scrolls of remove curse
 s - 7 scrolls of identify
 y - a scroll of magic mapping
 C - a scroll of holy word {unknown}
Potions
 n - 2 potions of lignification
 q - a potion of flight
 x - 2 potions of heal wounds
Comestibles
 b - 12 rations
 f - 2 chunks of flesh


   Skills:
 + Level 5.1 Fighting
 + Level 4.4(4.6) Polearms
 * Level 1.5(3.2) Staves
 + Level 4.7 Dodging
 - Level 1.7 Stealth
 + Level 5.6 Spellcasting
 + Level 3.7 Hexes
 * Level 8.0 Summonings
 * Level 4.6 Ice Magic


You had 3 spell levels left.
You knew the following spells:

 Your Spells              Type           Power        Failure   Level  Hunger
a - Summon Small Mammal   Summ           ####         1%          1    None
b - Call Imp              Summ           #####...     1%          2    #......
c - Call Canine Familiar  Summ           #####...     3%          3    ##.....
d - Summon Guardian Gole  Hex/Summ       ####....     6%          3    ##.....
e - Tukima's Dance        Hex            ###.....     13%         3    ##.....
f - Summon Ice Beast      Ice/Summ       ####....     14%         4    ####...

Your spell library contained the following spells:

 Spells                   Type           Power        Failure   Level  Hunger
 Corona                   Hex            ###....      4%          1    None
 Ensorcelled Hibernation  Hex/Ice        ###...       6%          2    #......
 Slow                     Hex            ###.....     7%          2    #......
 Confuse                  Hex            ###.....     13%         3    ##.....
 Flame Tongue             Conj/Fire      #....        21%         1    None
 Magic Dart               Conj           #...         21%         1    None
 Dazzling Spray           Conj/Hex       ##....       26%         3    ##.....
 Inner Flame              Hex/Fire       ##......     26%         3    ##.....
 Blink                    Tloc           N/A          28%         2    #......
 Throw Flame              Conj/Fire      #.....       28%         2    #......
 Conjure Flame            Conj/Fire      #.......     47%         3    ##.....
 Mephitic Cloud           Conj/Pois/Air  #.......     47%         3    ##.....
 Summon Lightning Spire   Summ/Air       ###.....     34%         4    ####...
 Sticky Flame             Conj/Fire      #.......     86%         4    ####...
 Fireball                 Conj/Fire      #.........   99%         5    ######.


Dungeon Overview and Level Annotations

Branches:
Dungeon (10/15)            Temple (1/1) D:6
   Lair: D:8-11         Orc: D:9-12

Altars:
Ashenzari
Cheibriados
Dithmenos
Elyvilon
Fedhas
Gozag
Hepliaklqana
Kikubaaqudgha
Makhleb
Nemelex Xobeh
Okawaru
Qazlal
Ru
Sif Muna
Trog
Uskayaw
Vehumet
Wu Jian
Xom
Yredelemnul
Zin
The Shining One


Innate Abilities, Weirdness & Mutations

You can spit globs of acid.
Your golden yellow scales are hard. (AC +7)
You cannot fit into any form of body armour.
You are cold-blooded and may be slowed by cold attacks.
You are resistant to acid. (rCorr)
You are resistant to hostile enchantments. (MR+)
Your natural rate of healing is unusually fast.
Your spells are a little harder to cast, but a little more powerful.


Message History

The orc priest completely misses you. The kobold hits you but does no damage.
The orc misses you. The orc priest misses you.
It was a potion of invisibility.
You fade into invisibility!
The orc wizard misses you. The orc warrior barely misses you.
The kobold barely misses you. The orc completely misses you.
The orc priest misses you. The orc wizard misses you.
The orc warrior misses you.
You are very lightly contaminated with residual magic.
You thump the orc!
The orc explodes!
The fiery explosion engulfs you!!
The fiery explosion engulfs the orc wizard!!
The orc wizard explodes!
The fiery explosion engulfs the orc wizard!!
The orc wizard explodes!
The fiery explosion engulfs the kobold!!
The kobold explodes!
The fiery explosion engulfs you!!!
You die...

############
.....§§§o..#
.....§§@oo.#
.....§§§§§.#
.....§§o§§.#
...........#
...........#
.>..>......#
...........#
...........#


You could see an orc warrior (inner flame), an orc priest (inner flame) and 2
orcs.

Vanquished Creatures
  A troll (D:9)
  2 hippogriffs
  Edmund (D:6)
  2 ice beasts
  2 slaves (D:8)
  A phantom (D:6)
  A black bear (D:7)
  3 centaurs
  2 bullfrogs
  2 killer bees (D:8)
  4 howler monkeys
  2 crimson imps
  A bullfrog zombie (D:9)
  A quasit (D:8)
  8 orc wizards
  A hound (D:6)
  A jelly (D:7)
  A bullfrog skeleton (D:4)
  A centaur skeleton (D:4)
  4 orc priests
  An iguana (D:8)
  2 worker ants
  A hound skeleton (D:6)
  A worker ant zombie (D:5)
  5 adders
  2 gnolls
  A howler monkey skeleton (D:6)
  A shadow imp (D:6)
  3 oozes
  2 worms
  2 dart slugs
  A leopard gecko (D:8)
  14 orcs
  2 ball pythons
  7 giant cockroaches
  4 goblins
  4 hobgoblins
  3 jackals (D:6)
  A quokka (D:9)
  2 bats
  4 frilled lizards
  19 kobolds
  A quokka skeleton (D:4)
  2 rats
126 creatures vanquished.

Vanquished Creatures (collateral kills)
  Pikel (D:8)
  2 hippogriffs
  A slave (D:8)
  3 centaurs (D:5)
  2 ogres
  A crocodile (D:8)
  A big kobold (D:5)
  A killer bee (D:8)
  2 crimson imps
  A bullfrog zombie (D:9)
  3 hounds
  6 orc wizards
  A jelly (D:5)
  2 bullfrog skeletons
  4 worker ants
  3 gnolls (D:4)
  9 adders
  An ooze (D:5)
  3 worms
  A dart slug (D:1)
  A leopard gecko (D:1)
  6 orcs
  A goblin (D:1)
  A hobgoblin (D:3)
  A frilled lizard (D:2)
  12 kobolds
70 creatures vanquished.

Vanquished Creatures (others)
  A dancing weapon (D:9)
  A slave (D:8)
  An orc warrior (D:6)
  An orc wizard (D:4)
4 creatures vanquished.

Grand Total: 200 creatures vanquished

Notes
Turn   | Place    | Note
-------+----------+-------------------------------------------
     0 | D:1      | CrazyJ the Draconian Summoner began the quest for the Orb.
     0 | D:1      | Reached XP level 1. HP: 14/14 MP: 3/3
   181 | D:1      | Reached XP level 2. HP: 21/22 MP: 1/5
   190 | D:1      | Learned a level 2 spell: Call Imp
   424 | D:1      | Reached skill level 1 in Fighting
   832 | D:1      | Reached XP level 3. HP: 23/28 MP: 3/6
  1210 | D:2      | Learned a level 3 spell: Call Canine Familiar
  1889 | D:2      | Reached XP level 4. HP: 35/35 MP: 3/7
  2262 | D:3      | Reached skill level 1 in Polearms
  2392 | D:3      | Learned a level 3 spell: Summon Guardian Golem
  2418 | D:3      | Noticed a centaur
  2433 | D:3      | Killed a centaur
  2433 | D:3      | Reached XP level 5. HP: 19/41 MP: 0/9
  2610 | D:3      | Found a stormy altar of Qazlal.
  2764 | D:3      | Found a faded altar of an unknown god.
  3003 | D:3      | Reached skill level 5 in Summonings
  3523 | D:4      | Reached XP level 6. HP: 25/49 MP: 9/11
  3780 | D:4      | Reached skill level 1 in Hexes
  4075 | D:4      | Found a snail-covered altar of Cheibriados.
  4477 | D:5      | Entered Level 5 of the Dungeon
  4672 | D:4      | Your scales start taking on a golden yellow colour.
  4672 | D:4      | Reached XP level 7. HP: 55/56 MP: 2/12
  4672 | D:4      | Gained mutation: You are resistant to acid. (rCorr) [Yellow
                  | Draconian growth]
  4790 | D:4      | Learned a level 3 spell: Tukima's Dance
  5233 | D:5      | You fall through a shaft for 2 floors!
  5235 | D:7      | Noticed a hippogriff
  5265 | D:7      | Killed a hippogriff
  5273 | D:7      | Reached skill level 6 in Summonings
  5863 | D:6      | Reached XP level 8. HP: 58/63 MP: 15/15
  5894 | D:6      | Learned a level 4 spell: Summon Ice Beast
  6319 | D:5      | Reached skill level 1 in Ice Magic
  7427 | D:6      | Found a staircase to the Ecumenical Temple.
  7450 | Temple   | Entered the Ecumenical Temple
  7461 | Temple   | Became a worshipper of Warmaster Okawaru
  7486 | D:6      | Noticed Edmund
  7505 | D:6      | Killed Edmund
  7505 | D:6      | Reached skill level 5 in Spellcasting
  8367 | D:7      | Noticed a hippogriff
  8395 | D:7      | Killed a hippogriff
  8395 | D:7      | Reached skill level 7 in Summonings
  9149 | D:7      | Reached * piety under Okawaru
  9391 | D:8      | Reached XP level 9. HP: 68/72 MP: 16/16
  9469 | D:8      | Found a glowing silver altar of Zin.
  9471 | D:8      | Found an ornate altar of the Wu Jian Council.
  9909 | D:8      | Noticed Pikel
  9927 | D:8      | Reached ** piety under Okawaru
  9931 | D:8      | Killed Pikel
 10419 | D:8      | Found an ancient bone altar of Kikubaaqudgha.
 10482 | D:8      | Reached skill level 5 in Fighting
 10746 | D:9      | Reached skill level 1 in Staves
 10746 | D:9      | Reached skill level 8 in Summonings
 10810 | D:9      | Reached *** piety under Okawaru
 10904 | D:9      | Noticed a troll
 10911 | D:9      | Killed a troll
 11049 | D:9      | Gained mutation: You are resistant to hostile enchantments.
                  | (MR+) [potion of mutation]
 11049 | D:9      | Gained mutation: Your spells are a little harder to cast,
                  | but a little more powerful. [potion of mutation]
 11049 | D:9      | Gained mutation: Your natural rate of healing is unusually
                  | fast. [potion of mutation]
 11072 | D:10     | Entered Level 10 of the Dungeon
 11076 | D:10     | Killed from afar by a kobold

Skill      XL: |  1  2  3  4  5  6  7  8  9 |
---------------+----------------------------+-----
Dodging        | 2 3 4 |  4.7
Fighting       | 1 2 3 4 5 |  5.1
Polearms       | 1 2 3 4 |  4.4
Spellcasting   | 3 4 5 |  5.6
Summonings     | 5 6 7 8 |  8.0
Hexes          | 1 2 3 |  3.7
Ice Magic      | 3 4 |  4.6
Staves         | 1 |  1.5
Stealth        | |  1.7

Action                   |  1- 3 |  4- 6 |  7- 9 || total
-------------------------+-------+-------+-------++-------
Melee: Unarmed           |    56 |       |       ||    56
       Tailslap          |     8 |     9 |    39 ||    56
       Spear             |    72 |    28 |       ||   100
       Trident           |       |   130 |   326 ||   456
       Quarterstaff      |       |       |   136 ||   136
       Halberd           |       |       |     7 ||     7
Throw: Stone             |       |       |     1 ||     1
 Cast: Summon Small Mamm |     5 |     1 |       ||     6
       Call Imp          |     3 |    16 |    26 ||    45
       Call Canine Famil |     3 |    17 |    33 ||    53
       Summon Guardian G |       |       |    16 ||    16
       Tukima's Dance    |       |       |     7 ||     7
       Summon Ice Beast  |       |       |    10 ||    10
Invok: Heroism           |       |       |     1 ||     1
 Abil: Breathe Acid      |       |       |    16 ||    16
  Use: Scroll            |     2 |     2 |     8 ||    12
       Potion            |       |       |     9 ||     9
 Stab: Sleeping          |     2 |     4 |     1 ||     7
       Distracted        |       |     2 |     1 ||     3
  Eat: Chunk             |     4 |     8 |    22 ||    34
       Ration            |       |     1 |     2 ||     3
Armor: Skin              |    37 |    26 |   170 ||   233
Dodge: Dodged            |    73 |    82 |   363 ||   518
